Map: [ESL] Goldenaura

Players

Has

  • Race: Protoss Protoss
  • Spawn Location: 12:00

Firefly - Winner!

  • Race: Protoss Protoss
  • Spawn Location: 5:00

Event: ESL SC2 Masters 2024 Spring (Regional)

VOD

Have the link to the VOD?

Description

Time

  • Played on: April 21, 2024, 7:26 a.m.
  • Length: 8:26

All games in this series

Show
View Real Time Build Order
Export as new Build Order

Has Protoss 

Build Orders: Oracle Opening, Blink Stalkers 

Get SALT Encoding   

  12  0:00  Probe  
  13  0:12  Probe  
  14  0:18  Pylon  
  14  0:24  Probe (Chrono Boost)  
  15  0:37  Gateway  
  15  0:38  Probe (Chrono Boost)  
  15  0:42  Assimilator  
  16  0:43  Probe (Chrono Boost)  
  17  0:51  Assimilator  
  17  0:55  Probe  
  18  1:04  Gateway  
  18  1:07  Probe (Chrono Boost)  
  19  1:17  Probe (Chrono Boost)  
  20  1:22  Probe (Chrono Boost)  
  21  1:27  Cybernetics Core  
  21  1:31  Pylon  
  21  1:35  Probe  
  22  1:47  Probe  
  24  2:04  Warp Gate  
  27  2:10  Pylon  
  27  2:18  Pylon  
  27  2:31  Stargate  
  22  2:38  Nexus  
  22  2:46  Stalker (Chrono Boost)  
  24  2:52  Probe  
  25  3:05  Twilight Council  
  25  3:07  Probe  
  26  3:14  Oracle (Chrono Boost)  
  29  3:21  Probe  
  30  3:28  Shield Battery  
  30  3:33  Probe  
  31  3:38  Blink (Chrono Boost)  
  31  3:48  Probe (Chrono Boost)  
  32  3:52  Probe (Chrono Boost)  
  33  4:01  Probe (Chrono Boost)  
  33  4:02  Probe (Chrono Boost)  
  35  4:09  Probe x2  
  36  4:13  Stalker  
  36  4:14  Stalker  
  41  4:21  Probe  
  41  4:22  Gateway  
  41  4:23  Probe  
  43  4:38  Stalker x2  
  44  4:44  Probe  
  46  4:58  Probe (Chrono Boost)  
  43  5:01  Probe (Chrono Boost)  
  42  5:08  Stalker  
  42  5:09  Stalker  
  42  5:13  Probe (Chrono Boost)  
  48  5:15  Probe (Chrono Boost)  
  48  5:18  Probe (Chrono Boost)  
  50  5:21  Probe  
  50  5:28  Probe  
  51  5:32  Nexus  
  51  5:33  Probe  
  52  5:40  Probe  
  53  5:48  Stalker x2  
  53  5:49  Stalker  
  56  5:53  Charge (Chrono Boost)  
  56  6:02  Gateway  
  56  6:04  Gateway  
  56  6:09  Gateway  
  56  6:11  Probe  
  57  6:21  Pylon  
  56  6:35  Pylon  
  56  6:39  Probe  
  58  6:40  Zealot x2  
  58  6:43  Pylon  
  58  6:46  Robotics Facility  
  63  6:51  Zealot  
  63  6:59  Zealot  
  63  7:00  Zealot  
  63  7:01  Zealot x2  
  69  7:06  Pylon  
  71  7:09  Zealot  
  71  7:14  Zealot  
  71  7:20  Stalker x2  
  63  7:22  Stalker  
  55  7:30  Zealot  
  55  7:31  Zealot  
  49  7:37  Stalker  
Show
View Real Time Build Order
Export as new Build Order

Firefly Protoss - Winner!

Build Orders: Phoenix Opening 

Get SALT Encoding   

  12  0:00  Probe  
  13  0:12  Probe  
  14  0:17  Pylon  
  14  0:24  Probe  
  15  0:35  Gateway  
  15  0:36  Probe (Chrono Boost)  
  16  0:46  Assimilator, Probe (Chrono Boost)  
  17  0:51  Probe (Chrono Boost)  
  18  0:58  Assimilator  
  18  1:03  Probe (Chrono Boost)  
  19  1:06  Pylon  
  19  1:14  Probe (Chrono Boost)  
  20  1:19  Probe (Chrono Boost)  
  20  1:23  Cybernetics Core  
  24  1:32  Probe  
  24  1:45  Probe  
  23  1:56  Nexus  
  23  2:00  Sentry  
  25  2:02  Warp Gate (Chrono Boost)  
  25  2:06  Probe  
  26  2:18  Robotics Facility  
  26  2:19  Probe  
  27  2:31  Shield Battery  
  27  2:32  Pylon  
  27  2:37  Sentry  
  27  2:40  Probe  
  30  2:44  Phoenix  
  30  2:50  Gateway  
  30  2:55  Probe  
  31  3:04  Warp Prism (Chrono Boost)  
  31  3:12  Probe  
  33  3:17  Probe  
  33  3:19  Stalker x2 (Chrono Boost)  
  34  3:22  Stalker (Chrono Boost)  
  37  3:28  Shield Battery  
  37  3:33  Probe x2  
  38  3:44  Stalker  
  38  3:45  Probe x2  
  42  3:53  Stalker  
  44  3:57  Probe  
  44  3:58  Probe  
  45  4:09  Probe  
  46  4:10  Adept  
  46  4:11  Pylon  
  46  4:13  Probe  
  49  4:17  Adept  
  49  4:23  Twilight Council, Probe  
  52  4:26  Probe  
  53  4:35  Stalker  
  55  4:40  Probe  
  55  4:44  Phoenix, Probe  
  57  4:46  Immortal  
  57  4:50  Pylon  
  61  5:02  Blink (Chrono Boost)  
  61  5:04  Probe  
  61  5:05  Probe  
  61  5:07  Gateway  
  61  5:10  Gateway  
  61  5:12  Assimilator  
  61  5:14  Stalker  
  61  5:17  Stalker  
  61  5:18  Probe  
  66  5:24  Probe  
  67  5:29  Observer (Chrono Boost)  
  67  5:32  Pylon  
  68  5:37  Nexus  
  68  5:48  Immortal (Chrono Boost)  
  68  5:49  Sentry  
  70  5:53  Stalker  
  76  6:02  Pylon  
  76  6:04  Stalker  
  78  6:19  Pylon  
  78  6:21  Shield Battery  
  78  6:30  Stalker x4  
  84  6:34  Probe  
  84  6:35  Probe  
  86  6:43  Pylon  
  86  6:48  Probe x2  
  86  6:49  Forge  
  88  7:03  Stalker x4  
  88  7:23  Probe x3  
  85  7:31  Stalker x4  
  85  7:35  Probe  
Tags
 
Add a new tag
Caveats
  • Supply blocks, unpowered buildings, or Contaminate may cause inaccurate times.
  • Supply counts are checked every 10 seconds.